 Dungeon Crawl Stone Soup version 0.18.1-50-g88ac8fd (webtiles) character file.

914 Loliglazer the Skirmisher (level 7, -1/56 HPs)
             Began as a Demonspawn Chaos Knight on May 12, 2017.
             Slain by an ogre
             ... wielding a +0 giant spiked club
              (24 damage)
             ... on level 5 of the Dungeon.
             The game lasted 00:14:06 (3745 turns).

Loliglazer the Skirmisher (Demonspawn Chaos Knight) Turns: 3745, Time: 00:14:07

Health: -1/56      AC: 14    Str: 20      XL:     7   Next: 82%
Magic:  0/7        EV:  6    Int: 11      God:    Xom [.....*]
Gold:   261        SH:  0    Dex:  8 (12) Spells: 0 memorised, 6 levels left

rFire  . . .     SeeInvis .     s - -1 mace (curse)
rCold  + + .     Gourm    .     o - +0 plate armour
rNeg   . . .     Faith    .     (no shield)
rPois  .         Spirit   +     (no helmet)
rElec  .         Dismiss  .     j - +0 cloak
rCorr  .         Reflect  .     h - +0 pair of gloves
SustAt .         Harm     .     (no boots)
MR     .....     Rnd*Rage +     (no amulet)
Stlth  ..........               r - ring of ice
                                i - ring of protection from fire

@: mighty, lethally poisoned (-1 -> -4), not resistant to hostile enchantments,
extremely unstealthy
A: talons 1, berserk 1, cold resistance 1, deterioration 1, dopey 1, powered by
pain 1, wild magic 1, magic shield
a: Renounce Religion


You were on level 5 of the Dungeon.
You worshipped Xom.
You were Xom's teddy bear.
You were not hungry.

You visited 1 branch of the dungeon, and saw 5 of its levels.

You collected 261 gold pieces.

Inventory:

Hand Weapons
 a - a +0 mace of chaos
 g - a +4 whip of draining
 s - a cursed -1 mace (weapon)
Armour
 d - a +3 leather armour of fire resistance
 h - a +0 pair of gloves (worn)
 j - a +0 cloak (worn)
 o - a +0 plate armour (worn)
Jewellery
 i - a ring of protection from fire (left hand)
 r - a ring of ice (right hand)
Wands
 q - a wand of heal wounds (9/9)
 u - a wand of polymorph (7/24)
Scrolls
 f - a scroll of identify
 n - 2 scrolls of random uselessness
Potions
 e - a potion of degeneration {unknown}
 k - 4 potions of ambrosia
 l - a potion of flight {unknown}
 m - 3 potions of curing
 p - 2 potions of brilliance {unknown}
 t - a potion of magic {unknown}
Comestibles
 c - a bread ration


   Skills:
 + Level 5.2 Fighting
 + Level 5.1 Maces & Flails
 + Level 5.0 Armour
 + Level 2.5 Dodging
 + Level 1.6 Stealth


You had 6 spell levels left.
You didn't know any spells.

Dungeon Overview and Level Annotations

Branches:
Dungeon (5/15)
 Temple: D:4-7

Altars:
Dithmenos
Xom


Innate Abilities, Weirdness & Mutations

You sometimes gain a little power by taking damage.
When hurt, damage is shared between your health and your magic reserves.
You have sharp toenails.
You tend to lose your temper in combat.
Your flesh is cold resistant.
Your body sometimes deteriorates upon taking damage.
You are dopey. (Int -2)
Your spells are a little harder to cast, but a little more powerful.


Message History

You feel sick.
The scorpion stings you but does no damage.
You thump the scorpion!
You kill the scorpion!
Your Armour skill increases to level 5!
You feel your dexterity returning.
You feel sick.
You sock the ogre! You claw the ogre, but do no damage.
The ogre is moderately wounded.
The ogre hits you with a giant spiked club!
You focus on the pain.
You feel very mighty all of a sudden.
You closely miss the ogre. Your kick misses the ogre.
The ogre is moderately wounded.
You feel sick.
The ogre hits you with a giant spiked club!
You barely miss the ogre. You claw the ogre!
The ogre is heavily wounded.
The ogre hits you with a giant spiked club!!
You die...

#.........
#........#
.........#
.........#
.........#
.........###
...........# #
...#######O# # #@#
# #.# #.# #.#
#######
#.#########.......
.#...........#####.
..................#
#...
#######'..........#
#.##
#..........###.#


You could see an ogre.

Vanquished Creatures
  Sigmund (D:3)
  Eustachio (D:4)
  A big kobold (D:4)
  A scorpion (D:5)
  A howler monkey (D:4)
  Crazy Yiuf (D:4)
  A centaur skeleton (D:4)
  Natasha (thrice) (D:3)
  2 worker ants (D:4)
  2 hound skeletons (D:4)
  Robin (D:3)
  2 adders
  A howler monkey skeleton (D:4)
  2 oozes
  3 worms
  3 dart slugs
  5 giant geckos
  4 orcs (D:3)
  8 bats
  5 giant cockroaches
  17 goblins
  12 hobgoblins
  12 jackals
  9 kobolds
  A giant newt (D:3)
  A jackal zombie (D:4)
  A quokka skeleton (D:4)
  8 rats
109 creatures vanquished.

Vanquished Creatures (collateral kills)
  Menkaure (D:4)
  A worker ant (D:4)
  An orc (D:4)
3 creatures vanquished.

Grand Total: 112 creatures vanquished

Notes
Turn   | Place    | Note
--------------------------------------------------------------
     0 | D:1      | Loliglazer the Demonspawn Chaos Knight began the quest for the Orb.
     0 | D:1      | Reached XP level 1. HP: 18/18 MP: 1/1
    75 | D:1      | XOM: potion effect (berserk rage)
   275 | D:1      | Gained mutation: When hurt, damage is shared between your health and your magic reserves. [demonic ancestry]
   275 | D:1      | Reached XP level 2. HP: 19/24 MP: 2/2
   738 | D:1      | XOM: harmless Ice miscast
   782 | D:1      | Reached skill level 1 in Dodging
   794 | D:1      | Gained mutation: You sometimes gain a little power by taking damage. [demonic ancestry]
   794 | D:1      | Reached XP level 3. HP: 29/29 MP: 3/3
  1376 | D:2      | Reached XP level 4. HP: 27/37 MP: 4/4
  1386 | D:2      | XOM: god gift: jewelled glass wand {god gift}
  1514 | D:2      | XOM: smoke on damage
  1746 | D:3      | Noticed Robin
  1763 | D:3      | XOM: 3-stop teleportation journey
  1824 | D:3      | Noticed Natasha
  1831 | D:3      | XOM: confuse monster(s)
  1848 | D:3      | XOM: scenery: create altars
  1861 | D:3      | Killed Natasha
  1894 | D:3      | Reached XP level 5. HP: 42/42 MP: 5/5
  1900 | D:3      | Killed Robin
  2117 | D:3      | XOM: polymorph giant newt -> goblin
  2147 | D:3      | Noticed Natasha
  2165 | D:3      | Killed Natasha
  2190 | D:3      | XOM: 1-stop teleportation journey
  2209 | D:3      | Noticed Sigmund
  2226 | D:3      | XOM: fake destruction
  2234 | D:3      | Killed Sigmund
  2234 | D:3      | Reached XP level 6. HP: 42/49 MP: 6/6
  2261 | D:3      | Found a shadowy altar of Dithmenos.
  2327 | D:3      | Noticed Natasha
  2333 | D:3      | Killed Natasha
  2433 | D:4      | XOM: give mutations
  2433 | D:4      | Gained mutation: You have sharp toenails. [Xom's grace]
  2433 | D:4      | Gained mutation: Your spells are a little harder to cast, but a little more powerful. [Xom's grace]
  2433 | D:4      | Gained mutation: Your flesh is cold resistant. [Xom's grace]
  2548 | D:4      | XOM: give mutations
  2548 | D:4      | Gained mutation: You are dopey. (Int -2) [Xom's mischief]
  2548 | D:4      | Gained mutation: You tend to lose your temper in combat. [Xom's mischief]
  2548 | D:4      | Gained mutation: Your body sometimes deteriorates upon taking damage. [Xom's mischief]
  2676 | D:4      | Noticed Menkaure
  2687 | D:4      | XOM: summons friendly white imp
  2690 | D:4      | XOM: enchant monster (good)
  2695 | D:4      | Killed Menkaure
  2695 | D:4      | Reached XP level 7. HP: 49/55 MP: 7/7
  2742 | D:4      | Reached skill level 1 in Stealth
  2771 | D:4      | XOM: summons 3 hostile demons
  2971 | D:4      | XOM: 3-stop teleportation journey
  3140 | D:4      | Noticed Eustachio
  3142 | D:4      | XOM: cast spell 'Summon Ice Beast'
  3159 | D:4      | XOM: divination: detect items
  3168 | D:4      | XOM: divination: detect creatures
  3171 | D:4      | XOM: polymorph quokka -> orc
  3195 | D:4      | XOM: scenery: create altars
  3198 | D:4      | Reached skill level 5 in Fighting
  3233 | D:4      | XOM: divination: detect creatures
  3235 | D:4      | XOM: polymorph orc -> giant gecko
  3258 | D:4      | XOM: divination: magic mapping
  3262 | D:4      | XOM: summons 4 friendly demons
  3300 | D:4      | Killed Eustachio
  3300 | D:4      | Reached skill level 5 in Maces & Flails
  3583 | D:4      | Noticed Crazy Yiuf
  3597 | D:4      | Killed Crazy Yiuf
  3680 | D:5      | Entered Level 5 of the Dungeon
  3726 | D:5      | XOM: enchant monster (good)
  3729 | D:5      | XOM: summons friendly white imp
  3738 | D:5      | XOM: scenery: 1 doors open
  3742 | D:5      | Reached skill level 5 in Armour
  3745 | D:5      | Slain by an ogre

Skill      XL: |  1  2  3  4  5  6  7 |
---------------+----------------------+-----
Maces & Flails | 3 4 5 |  5.1
Dodging        | 1 2 |  2.5
Armour         | 2 3 4 5 |  5.0
Fighting       | 4 5 |  5.2
Stealth        | 1 |  1.6

Action                   |  1- 3 |  4- 6 |  7- 9 || total
-------------------------+-------+-------+-------++-------
Melee: Mace              |    70 |       |    11 ||    81
       Whip              |    49 |   181 |   162 ||   392
       Kick              |       |     6 |    23 ||    29
  Use: Scroll            |       |       |    10 ||    10
 Stab: Paralysed         |       |     4 |       ||     4
  Eat: Beef jerky        |     1 |       |       ||     1
       Meat ration       |       |     1 |       ||     1
       Bread ration      |       |       |     2 ||     2
Armor: Ring mail         |    48 |       |       ||    48
       Plate armour      |    26 |   136 |   244 ||   406
Dodge: Dodged            |    84 |    29 |    78 ||   191
